[Event "Late-Titled-Tuesday-Blitz-September-19-2023"]
[Site "Chess.com"]
[Date "2023.09.19"]
[Round "2"]
[White "Ramosha"]
[Black "Nikachu"]
[Result "0-1"]
[WhiteElo "2633"]
[BlackElo "2200"]
[TimeControl "180+1"]
[EndTime "14:16:07 PDT"]
[Termination "Nikachu won by resignation"]

1. Nf3 Nf6 2. e3 g6 3. b3 Bg7 4. Bb2 O-O 5. Be2 c5 6. O-O Nc6 7. d4 d6 8. Nbd2 b6 9. Rc1 Bb7 10.
Re1 Rc8 11. c4 cxd4 12. exd4 d5 13. c5 Ne4 14. Bd3 bxc5 15. Nxe4 dxe4 16. Bxe4 cxd4 17. Nxd4 Bxd4 18. Ba3 Re8 19. Qf3 Ne5 20. Qf4 Bxe4 21. Qxe4 Rxc1 22. Rxc1 Nd3 23. Rc2 Nxf2 24. Qb7 Bb6 25. Qf3 Qd4 26. Kf1 Ne4 27. Ke1 Qa1+ 28. Bc1 Qd4 29. Rc4 Qg1+ 30. Ke2 Nf6 31. h3 Rd8 32. Bd2 Qb1 33. a4 Qf5 34. a5 Bxa5 35.
Be3 Bb6 36. Bd2 Qe5+ 37. Kd1 Ne4 38. Rc2 Nxd2 39. Rxd2 Rxd2+ 40. Kxd2 Qd4+ 41. Kc2 Qf2+ 42. Qxf2 Bxf2 43. Kd3 Bb6 0-1

[Event "Late-Titled-Tuesday-Blitz-September-19-2023"]
[Site "Chess.com"]
[Date "2023.09.19"]
[Round "2"]
[White "atigerman"]
[Black "MBA_CHESS_2021"]
[Result "1-0"]
[WhiteElo "2649"]
[BlackElo "2169"]
[TimeControl "180+1"]
[EndTime "14:16:07 PDT"]
[Termination "atigerman won by checkmate"]

1. e4 c5 2. Nf3 Nc6 3. Bb5 g6 4. O-O Bg7 5. Re1 d6 6. Nc3 Bd7 7.
d3 e5 8. Nd5 h6 9. c3 Nge7 10.
Nxe7 Qxe7 11. d4 cxd4 12. Bxc6 Bxc6 13. cxd4 O-O 14. b3 Rac8 15. Ba3 exd4 16. Nxd4 Bd7 17. Qd2 Rfd8 18. Rad1 Qf6 19. Bb2 Qg5 20. Qd3 Qa5 21. a3 Qb6 22. h3 Kh7 23. Ba1 a6 24. Qg3 Be5 25. Qh4 g5 26. Qh5 Be8 27. Nf5 d5 28. Bxe5 dxe4 29. Bd6 f6 30. Qxh6+ Kg8 31.
Qg7# 1-0

[Event "Late-Titled-Tuesday-Blitz-September-19-2023"]
[Site "Chess.com"]
[Date "2023.09.19"]
[Round "2"]
[White "laskakid"]
[Black "MergenKakabaev"]
[Result "0-1"]
[WhiteElo "2292"]
[BlackElo "2670"]
[TimeControl "180+1"]
[EndTime "14:16:09 PDT"]
[Termination "MergenKakabaev won on time"]

1. d4 d5 2. c4 c6 3. cxd5 cxd5 4. Bf4 Nf6 5. e3 Nc6 6. Nc3 Bg4 7. f3 Bd7 8. Bd3 e6 9. g4 Nb4 10. Bb1 Qb6 11. a3 Nc6 12. Bd3 Rc8 13. Nge2 Be7 14. h4 Na5 15. b4 Nc4 16. Na4 Qc6 17. Nec3 Bd6 18. Bxd6 Qxd6 19. Qe2 b6 20. e4 Qf4 21. e5 Bxa4 22. Nxa4 Qxd4 23. Rd1 Qxe5 24. Bxc4 Qg3+ 25. Kf1 Rxc4 26. Nb2 Rc3 27. Nd3 O-O 28. Ne5 Rfc8 29. Rg1 Qf4 30. Nd3 Qd4 31. Kg2 Rc2 0-1

[Event "Late-Titled-Tuesday-Blitz-September-19-2023"]
[Site "Chess.com"]
[Date "2023.09.19"]
[Round "2"]
[White "Jaka_Brilej"]
[Black "Jospem"]
[Result "0-1"]
[WhiteElo "2482"]
[BlackElo "3063"]
[TimeControl "180+1"]
[EndTime "14:16:09 PDT"]
[Termination "Jospem won by resignation"]

1. e4 c5 2. c3 e6 3. d4 d5 4. e5 Qb6 5. Nf3 Nc6 6. a3 c4 7.
Nbd2 Na5 8. Rb1 Bd7 9. h4 h6 10. b4 cxb3 11. Nxb3 Nxb3 12. Qxb3 Qxb3 13. Rxb3 b6 14.
Ba6 Ne7 15. O-O Nc6 16. Nd2 Na5 17.
Rb1 Be7 18. c4 Nxc4 19. Nxc4 dxc4 20. Bxc4 Bxh4 21. d5 O-O 22. d6 Rfc8 23. Ba6 Rc5 24. g3 Bd8 25. f4 Rb8 26. Bd3 Rbc8 27. Be3 Rc3 28. Rfd1 Rxa3 29. Ra1 Rxa1 30. Rxa1 a5 31. Rb1 Rb8 32. Bb5 Bxb5 33. Rxb5 Kf8 34. Kf1 Ke8 35.
Ke2 Kd7 36. Kd3 Kc6 37. Kc4 Rb7 38. Bd2 g5 39. fxg5 Bxg5 40. Bxg5 hxg5 41. g4 Rb8 42. Rb1 b5+ 43. Kb3 Kd5 44. Rc1 Kxe5 45. d7 Rd8 46. Rd1 f5 47. gxf5 exf5 0-1

[Event "Late-Titled-Tuesday-Blitz-September-19-2023"]
[Site "Chess.com"]
[Date "2023.09.19"]
[Round "2"]
[White "FabianoCaruana"]
[Black "djano"]
[Result "1-0"]
[WhiteElo "3056"]
[BlackElo "2617"]
[TimeControl "180+1"]
[EndTime "14:16:11 PDT"]
[Termination "FabianoCaruana won by resignation"]

1. e4 c5 2. c3 e5 3. Bc4 Nf6 4. d3 Be7 5. Bg5 O-O 6. Nf3 Nc6 7. O-O d6 8. Bxf6 Bxf6 9. Nbd2 Na5 10. Bd5 Kh8 11.
a3 Nc6 12. b4 cxb4 13. axb4 Ne7 14. Bb3 d5 15. Re1 Be6 16. Qc2 Ng6 17. g3 a6 18.
exd5 Bxd5 19. Bxd5 Qxd5 20. Ne4 Be7 21. Qe2 Rfd8 22.
Rad1 Rac8 23. h4 h6 24. c4 Qe6 25. c5 f5 26. Ned2 Bf6 27. Nc4 f4 28. h5 Nf8 29.
Nfxe5 Bxe5 30. Nxe5 Qf5 31. Qe4 Qxe4 32. Rxe4 Kg8 33. gxf4 Ne6 34. Ng6 Re8 35. Rde1 Kf7 36. Ne5+ Kf6 37. Nc4 Nc7 38. Nd6 Rxe4 39. dxe4 Rb8 40.
e5+ Ke6 41. f5+ Kd5 42. e6 Kd4 43. e7 1-0

[Event "Late-Titled-Tuesday-Blitz-September-19-2023"]
[Site "Chess.com"]
[Date "2023.09.19"]
[Round "2"]
[White "The_Straightforward_Rook"]
[Black "rychessmaster1"]
[Result "1-0"]
[WhiteElo "2535"]
[BlackElo "2738"]
[TimeControl "180+1"]
[EndTime "14:16:13 PDT"]
[Termination "The_Straightforward_Rook won by resignation"]

1. d4 Nf6 2. c4 e6 3. Nf3 d5 4.
cxd5 exd5 5. Nc3 c6 6. Qc2 g6 7. Bg5 Be7 8. e3 Bf5 9. Bd3 Bxd3 10. Qxd3 O-O 11. Bxf6 Bxf6 12. h4 Nd7 13. h5 Nb6 14. O-O-O a5 15. hxg6 fxg6 16. Rh3 Rf7 17. Rdh1 a4 18. Ne5 Bxe5 19. dxe5 Qe7 20. Qxg6+ Kh8 21. f4 Rg8 22. Qc2 Rgg7 23. a3 Nc4 24. Qxa4 Rxg2 25. Qa8+ Rg8 26. Qa7 b6 27. Qxe7 Rxe7 28. b3 Nxa3 29.
Kb2 Nb5 30. Nxb5 cxb5 31. Kc3 Rg2 32. Kb4 Rb2 33. Rh6 Rb7 34. e6 Re2 35. R1h3 Kg8 36. f5 Rf2 37. f6 Kf8 38. Kxb5 Rf5 39. Kc6 Ra7 40. Rxh7 Rxh7 41. Rxh7 Rxf6 42. Rf7+ Rxf7 43. exf7 Kxf7 44. Kxd5 1-0

[Event "Late-Titled-Tuesday-Blitz-September-19-2023"]
[Site "Chess.com"]
[Date "2023.09.19"]
[Round "2"]
[White "Dhaydon19"]
[Black "Harald_Schmidt"]
[Result "0-1"]
[WhiteElo "2655"]
[BlackElo "2316"]
[TimeControl "180+1"]
[EndTime "14:16:13 PDT"]
[Termination "Harald_Schmidt won by resignation"]

1. e4 c5 2. Nc3 a6 3. a4 d6 4. g3 Nc6 5. Bg2 Nd4 6. Nge2 Nf6 7.
h3 g6 8. d3 Bg7 9. Nxd4 cxd4 10.
Ne2 e5 11. O-O O-O 12. f4 Bd7 13. a5 Bc6 14. f5 d5 15. g4 dxe4 16. Ng3 e3 17. g5 Bxg2 18. Kxg2 Qd5+ 19. Kh2 Nd7 20. Qg4 Rfe8 21. Rg1 Rac8 22. Rg2 Nc5 23. h4 e4 24. f6 Bf8 25. c4 Qe5 26. dxe4 Bd6 27. Kh3 Nxe4 28.
Nxe4 Qxe4 29. h5 Qxg4+ 30. Kxg4 d3 31. b3 Bb4 32. hxg6 fxg6 33. Bb2 e2 34. Rf2 Kf7 35. Rh1 h5+ 36. gxh6 e1=Q 37. Rxe1 Bxe1 38. Rf3 d2 39.
Rd3 Rcd8 40. Rxd8 Rxd8 0-1

[Event "Late-Titled-Tuesday-Blitz-September-19-2023"]
[Site "Chess.com"]
[Date "2023.09.19"]
[Round "2"]
[White "BeanScreen"]
[Black "tgpgoat"]
[Result "1-0"]
[WhiteElo "2711"]
[BlackElo "2505"]
[TimeControl "180+1"]
[EndTime "14:16:15 PDT"]
[Termination "BeanScreen won by checkmate"]

1. e4 c5 2. c3 d6 3. d4 cxd4 4. cxd4 Nf6 5. Nc3 g6 6. Bb5+ Bd7 7. Qb3 Bg7 8. e5 dxe5 9. dxe5 Ng4 10. e6 fxe6 11.
Be2 Ne5 12. Nf3 O-O 13. Ng5 Qc8 14. Be3 Nbc6 15. O-O Na5 16. Qb4 Nac6 17. Qh4 h6 18. Nge4 g5 19. Bxg5 hxg5 20. Nxg5 Rf5 21. f4 Nf7 22.
Bd3 Nxg5 23. fxg5 Nd4 24. g6 Qc5 25. Qh7+ Kf8 26. Kh1 Rf6 27. Ne4 Qc7 28. Nxf6 exf6 29. Rxf6+ Ke8 30. Qxg7 Nf5 31. Rf8# 1-0

[Event "Late-Titled-Tuesday-Blitz-September-19-2023"]
[Site "Chess.com"]
[Date "2023.09.19"]
[Round "2"]
[White "Zapateado"]
[Black "dorpato"]
[Result "1-0"]
[WhiteElo "2412"]
[BlackElo "2003"]
[TimeControl "180+1"]
[EndTime "14:16:15 PDT"]
[Termination "Zapateado won by resignation"]

1. c4 e5 2. Nc3 Nc6 3. g3 d6 4. Bg2 Be6 5. b3 g6 6. Bb2 Bg7 7. e3 Qd7 8. Nge2 Bh3 9. Bxh3 Qxh3 10. Ng1 Qe6 11. Qe2 Nge7 12. O-O-O O-O 13. f4 f5 14. d4 exd4 15. exd4 Nxd4 16. Rxd4 Qxe2 17.
Ngxe2 Bxd4 18. Nxd4 Nc6 19. Ne6 Rf7 20. Nd5 Rc8 21.
Nf6+ Rxf6 22. Bxf6 Kf7 23. Nxc7 Rxc7 24. Bc3 d5 25. cxd5 Nb4 26. Kb2 Nxd5 27. Be5 Rd7 28. Rd1 Nb6 29. Rxd7+ Nxd7 30. Bd4 b6 31. Kc3 Ke6 32.
Kc4 Kd6 33. Kb5 Kd5 34. Bf2 Nb8 35. a4 Ke4 36. a5 bxa5 37. Bxa7 Nd7 38. Kxa5 Kf3 39.
Kb5 Kg2 40. Kc6 Nf6 41. b4 Kxh2 42. b5 Ng8 43. b6 Ne7+ 44. Kd7 Nd5 45. b7 Nf6+ 46.
Ke6 Ne8 47. b8=Q 1-0

[Event "Late-Titled-Tuesday-Blitz-September-19-2023"]
[Site "Chess.com"]
[Date "2023.09.19"]
[Round "2"]
[White "dedpihto_v_kozhanom_palto"]
[Black "emeli_chess"]
[Result "1-0"]
[WhiteElo "2686"]
[BlackElo "2362"]
[TimeControl "180+1"]
[EndTime "14:16:16 PDT"]
[Termination "dedpihto_v_kozhanom_palto won by checkmate"]

1. c4 e5 2. Nc3 d6 3. Nf3 f5 4. d4 e4 5. Ng5 Nf6 6. h4 c6 7. e3 Be7 8. Nh3 Na6 9. Nf4 Nc7 10. d5 O-O 11. h5 Bd7 12. b3 Qe8 13. Bb2 Qf7 14.
Be2 cxd5 15. cxd5 b5 16. Rc1 Rac8 17. h6 g5 18. Ne6 Nxe6 19. dxe6 Qxe6 20. Nxb5 Bxb5 21.
Bxb5 d5 22. Qd4 Rxc1+ 23. Bxc1 Qb6 24. Qxb6 Bb4+ 25. Ke2 axb6 26. Bb2 Kf7 27. Rc1 Bc5 28. a3 Ng4 29. b4 Bd6 30. Bg7 Ra8 31. Bc6 Rxa3 32. Bxd5+ Kg6 33. Rc6 f4 34. Rxd6+ Kh5 35. g3 f3+ 36. Ke1 Rd3 37. Bf7# 1-0

[Event "Late-Titled-Tuesday-Blitz-September-19-2023"]
[Site "Chess.com"]
[Date "2023.09.19"]
[Round "2"]
[White "ritanovikova"]
[Black "chessdjw"]
[Result "0-1"]
[WhiteElo "2137"]
[BlackElo "2649"]
[TimeControl "180+1"]
[EndTime "14:16:17 PDT"]
[Termination "chessdjw won by checkmate"]

1. d4 Nf6 2. Bf4 b6 3. Nd2 Bb7 4. c3 d6 5. Ngf3 Nh5 6. Be3 Nd7 7. g4 Nhf6 8. h3 h6 9. Bg2 Nd5 10. Nf1 Nxe3 11. Nxe3 e6 12. O-O Be7 13. Re1 O-O 14.
Nf1 d5 15. Ng3 Bd6 16. Nf1 c5 17. e3 f5 18. N3d2 Qf6 19. f4 g5 20. gxf5 Qxf5 21.
fxg5 Qxg5 22. Qg4 Qxg4 23. hxg4 Nf6 24. Bf3 Kh7 25. c4 Nxg4 26. Bxg4 Rg8 27. Nh2 Bxh2+ 28.
Kxh2 Rxg4 29. cxd5 Rag8 30. Rg1 Rh4# 0-1

[Event "Late-Titled-Tuesday-Blitz-September-19-2023"]
[Site "Chess.com"]
[Date "2023.09.19"]
[Round "2"]
[White "fyall777"]
[Black "Sacbutt"]
[Result "1-0"]
[WhiteElo "2554"]
[BlackElo "2369"]
[TimeControl "180+1"]
[EndTime "14:16:19 PDT"]
[Termination "fyall777 won by resignation"]

1. d4 Nf6 2. Nf3 d5 3. g3 e6 4.
Bg2 Be7 5. O-O O-O 6. c4 dxc4 7. Ne5 Nc6 8. Nxc6 bxc6 9. Na3 Bxa3 10. bxa3 Ba6 11.
Bxc6 Rb8 12. Qa4 Qc8 13. e4 Rb6 14. d5 Nxe4 15. Be3 Nc3 16. Qa5 Nxd5 17. Bxb6 cxb6 18. Qa4 Nc3 19. Qc2 Qxc6 20. Qxc3 Bb7 21. f3 Qc5+ 22.
Kg2 Bd5 23. Rfd1 h6 24. h4 Rc8 25. Rac1 Qc6 26. Rd4 a6 27. h5 e5 28. Rd2 f6 29. Rcd1 Be6 30. Rd6 Qa4 31. Qb4 Qxb4 32. axb4 Bf7 33. Rd8+ Rxd8 34. Rxd8+ Kh7 35. g4 c3 36. Rc8 Bxa2 37. Rxc3 a5 38. b5 a4 39. Rc6 Bc4 40. Rxc4 a3 41. Ra4 1-0

[Event "Late-Titled-Tuesday-Blitz-September-19-2023"]
[Site "Chess.com"]
[Date "2023.09.19"]
[Round "2"]
[White "Oleksandr_Bortnyk"]
[Black "IMRosen"]
[Result "1-0"]
[WhiteElo "3008"]
[BlackElo "2594"]
[TimeControl "180+1"]
[EndTime "14:16:20 PDT"]
[Termination "Oleksandr_Bortnyk won on time"]

1. d4 Nf6 2. Nc3 d5 3. Bf4 c5 4. e4 Nxe4 5. Nxe4 dxe4 6. dxc5 Nd7 7. b4 e5 8. Bg3 Be7 9. Bc4 O-O 10. Ne2 Kh8 11. O-O f5 12. f4 a5 13. a3 Bf6 14. c3 Qc7 15. Be6 Nxc5 16. Bxc8 Raxc8 17. bxc5 Qxc5+ 18. Kh1 Rfd8 19. Qb3 exf4 20. Bxf4 g5 21.
Bg3 f4 22. Qxb7 Rc7 23. Qxe4 Re7 24. Qc2 Qe5 25. Nd4 Rc8 26. Nf3 Qxc3 27. Qxc3 Bxc3 28. Bf2 Bxa1 29. Rxa1 g4 30. Bd4+ Kg8 31. Ne5 Rc2 32. Nxg4 Ree2 33. Rf1 Rxg2 34. Rxf4 h5 35. Nf6+ Kf7 36.
Nxh5+ Ke6 37. Rh4 Rgd2 38. Bg1 Ra2 39. a4 Rd1 40. Rg4 Kf5 41. h3 Rd3 42. Ng3+ Kf6 43. Ne4+ Kf7 44. Rf4+ Kg7 45. Rg4+ Kf7 46. Nf2 Rda3 47.
h4 Rxa4 48. Ne4 Rd4 49. Bxd4 Ra1+ 50. Bxa1 1-0

[Event "Late-Titled-Tuesday-Blitz-September-19-2023"]
[Site "Chess.com"]
[Date "2023.09.19"]
[Round "2"]
[White "SAInt_666"]
[Black "Miguelitro69"]
[Result "1-0"]
[WhiteElo "2662"]
[BlackElo "2290"]
[TimeControl "180+1"]
[EndTime "14:16:20 PDT"]
[Termination "SAInt_666 won by resignation"]

1. Nf3 c5 2. e4 Nc6 3. d4 cxd4 4.
Nxd4 g6 5. Nc3 Bg7 6. Be3 Nf6 7. Bc4 O-O 8. O-O d6 9. Bb3 a5 10. h3 Bd7 11. a4 Rc8 12. Re1 Ne5 13. Qe2 Qc7 14.
Ndb5 Bxb5 15. axb5 b6 16. Na4 Nfd7 17. Rad1 Nc4 18.
Bd4 e5 19. Be3 f5 20. Bxb6 Nxb6 21. Nxb6 Qxb6 22. Bxc4+ Kh8 23. exf5 Rxf5 24. Be6 Rcf8 25. Bxf5 gxf5 26. c4 Qc5 27. Rd5 Qb4 28. Red1 Rd8 29. c5 e4 30. Rxd6 Rxd6 31. cxd6 Bf6 32. d7 Bd8 33. Qh5 Qxb5 34. Qe8+ Kg7 35. Qxd8 1-0

[Event "Late-Titled-Tuesday-Blitz-September-19-2023"]
[Site "Chess.com"]
[Date "2023.09.19"]
[Round "2"]
[White "Aleksandar-Topalov"]
[Black "enestnrvrd"]
[Result "0-1"]
[WhiteElo "2351"]
[BlackElo "2678"]
[TimeControl "180+1"]
[EndTime "14:16:23 PDT"]
[Termination "enestnrvrd won on time"]

1. b3 Nf6 2. Bb2 d5 3. Nf3 c5 4. e3 a6 5. c4 e6 6. cxd5 exd5 7. d3 Nc6 8. Be2 Bd6 9. Nbd2 O-O 10. O-O Bg4 11.
a3 Qe7 12. Rc1 Rfd8 13. Rc2 Rac8 14. Qa1 d4 15. e4 b5 16. Rfc1 Bf4 17. Re1 Nd7 18.
h3 Bh5 19. Qc1 h6 20. g3 Bxf3 21. Bxf3 Bxd2 22. Qxd2 Nde5 23. Bg2 c4 24. bxc4 bxc4 25. dxc4 d3 26. Rcc1 Nd4 27. Bxd4 Rxd4 28. Red1 Nxc4 29. Qc3 Rcd8 30. a4 a5 31. Rb1 Ne5 32. f4 Nc4 33.
e5 Ne3 34. Rd2 g5 35. Bf1 gxf4 0-1

[Event "Late-Titled-Tuesday-Blitz-September-19-2023"]
[Site "Chess.com"]
[Date "2023.09.19"]
[Round "2"]
[White "Gogolev_Artemy"]
[Black "JoakimVonAnd"]
[Result "0-1"]
[WhiteElo "2400"]
[BlackElo "2712"]
[TimeControl "180+1"]
[EndTime "14:16:24 PDT"]
[Termination "JoakimVonAnd won on time"]

1. d4 g6 2. c4 Bg7 3. Nc3 d6 4. Nf3 Nf6 5. e4 O-O 6. Be2 Na6 7. Be3 e5 8. O-O exd4 9. Nxd4 Re8 10. f3 c6 11. Qd2 Nc5 12. Rad1 Qc7 13. b4 Na6 14. a3 Nd7 15. Ndb5 cxb5 16. Nxb5 Qb8 17. Nxd6 Rd8 18. c5 Ne5 19. f4 Ng4 20. Bd4 Nf6 21.
e5 Ne8 22. f5 Nxd6 23. exd6 Bxf5 24. Rxf5 Bxd4+ 25. Qxd4 gxf5 26. Rd3 f4 27. Qxf4 Rxd6 28. cxd6 Qd8 29. Rg3+ Kh8 30. Qxf7 Qf8 31. Qxf8+ Rxf8 32. Bxa6 bxa6 33. d7 Rd8 34. Rd3 Kg7 35. Rd6 Kf7 36. Kf2 Ke7 0-1

[Event "Late-Titled-Tuesday-Blitz-September-19-2023"]
[Site "Chess.com"]
[Date "2023.09.19"]
[Round "2"]
[White "Alexei_Gubajdullin"]
[Black "Msb2"]
[Result "0-1"]
[WhiteElo "2635"]
[BlackElo "3090"]
[TimeControl "180+1"]
[EndTime "14:16:26 PDT"]
[Termination "Msb2 won by resignation"]

1. d4 d5 2. Nf3 e6 3. Bf4 c5 4.
e3 Nc6 5. Nbd2 Bd6 6. Bg3 Bxg3 7. hxg3 Qb6 8. dxc5 Qxb2 9. c4 Nf6 10. cxd5 exd5 11.
Nb3 Ne4 12. Be2 Nxc5 13. O-O Nxb3 14. axb3 O-O 15. Bd3 h6 16. Ra4 Be6 17. g4 Ne5 18.
g5 Nxf3+ 19. Qxf3 hxg5 20. Rd4 g4 21. Qf4 Rac8 22. Qh2 f5 23. Qe5 Rf6 24. f3 gxf3 25.
Rxf3 Qc3 26. Rh3 Qc7 27. Qxc7 Rxc7 28. Rdh4 Kf7 29. Be2 f4 30. Rf3 fxe3 31. Rxe3 Bf5 32. Rh8 Be4 33. Bh5+ Ke7 34. Re8+ Kd6 35. Ra8 a6 36.
Rd8+ Ke5 37. Re8+ Re6 38. Rg3 Rxe8 39. Bxe8 d4 40. Rg5+ Kf4 41. Rh5 d3 42. Rh4+ Ke3 43. Rh3+ Kd4 44. Bh5 Rc1+ 45. Kh2 d2 46. Rh4 d1=Q 47.
Bxd1 Rxd1 0-1

[Event "Late-Titled-Tuesday-Blitz-September-19-2023"]
[Site "Chess.com"]
[Date "2023.09.19"]
[Round "2"]
[White "Arystanner"]
[Black "Dr_crypt"]
[Result "1-0"]
[WhiteElo "2786"]
[BlackElo "2442"]
[TimeControl "180+1"]
[EndTime "14:16:26 PDT"]
[Termination "Arystanner won by resignation"]

1. d4 Nf6 2. c4 e6 3. Nf3 Bb4+ 4. Bd2 Qe7 5. g3 Nc6 6. Bg2 Bxd2+ 7. Nbxd2 O-O 8. O-O d6 9. e4 e5 10. d5 Nb8 11.
Rc1 a5 12. c5 dxc5 13. Nc4 Nbd7 14. d6 cxd6 15. Nxd6 b6 16. Nf5 Qe6 17. Ng5 Qxa2 18. b3 Ba6 19. Re1 Rad8 20. Qd6 Qxb3 21. Re3 Qb2 22.
Rd1 Be2 23. Re1 Bc4 24. h4 g6 25. Ne7+ Kg7 26. Rf3 Qd4 27. Qc7 Rc8 28. Qa7 Rce8 29. Nd5 Bxd5 30. exd5 e4 31. Rxf6 Nxf6 32. Ne6+ Kg8 33.
Nxd4 cxd4 34. Qxb6 Nxd5 35. Qxd4 Nb4 36. Rxe4 Rd8 37.
Qa7 Nc6 38. Qa6 Rd6 39. Rf4 Rd1+ 40. Kh2 Ne5 41. Qxa5 Nd3 42. Rd4 Nxf2 43. Rxd1 Nxd1 44. Qd2 1-0

[Event "Late-Titled-Tuesday-Blitz-September-19-2023"]
[Site "Chess.com"]
[Date "2023.09.19"]
[Round "2"]
[White "Chemim21"]
[Black "Emp3rador"]
[Result "0-1"]
[WhiteElo "2247"]
[BlackElo "2482"]
[TimeControl "180+1"]
[EndTime "14:16:27 PDT"]
[Termination "Emp3rador won on time"]

1. d4 d5 2. Nf3 Nf6 3. Bf4 c6 4. e3 Bf5 5. Nbd2 e6 6. a3 Bd6 7. Bg3 Bxg3 8. hxg3 Nbd7 9. c4 h6 10. Qb3 Qb6 11. c5 Qc7 12. Qc3 b6 13. b4 a5 14. Rc1 axb4 15. axb4 b5 16. Be2 O-O 17.
O-O Ra2 18. Bd3 Bxd3 19. Qxd3 Rfa8 20. Rc3 Ra1 21. Nb3 Rxf1+ 22. Qxf1 Ne4 23. Rc2 Ra4 24. Qe1 Nb8 25. Na5 Na6 26. Rb2 Nxb4 27. Rxb4 Qxa5 28. Rb1 Qxe1+ 0-1

[Event "Late-Titled-Tuesday-Blitz-September-19-2023"]
[Site "Chess.com"]
[Date "2023.09.19"]
[Round "2"]
[White "rookoco"]
[Black "SandwichOSaumon"]
[Result "0-1"]
[WhiteElo "2708"]
[BlackElo "2532"]
[TimeControl "180+1"]
[EndTime "14:16:28 PDT"]
[Termination "SandwichOSaumon won by resignation"]

1. e4 e6 2. d4 d5 3. Nd2 Nf6 4. e5 Nfd7 5. c3 c5 6. Bd3 Nc6 7. Ne2 cxd4 8. cxd4 f6 9. exf6 Nxf6 10. Nf3 Bd6 11.
O-O Qc7 12. Bg5 O-O 13. Rc1 Bd7 14. Bh4 a6 15. Bg3 Rae8 16. Re1 Qb8 17. Bxd6 Qxd6 18. Ng3 e5 19. Rxc6 Qxc6 20. dxe5 Ng4 21. h3 Nh6 22. Nd4 Qb6 23. e6 Bxe6 24. Bc2 Bf7 25. Rxe8 Rxe8 26.
Bb3 Kh8 27. Qd3 Bg6 28. Qc3 Qd6 29. Qa5 Bf7 30. Qc3 Qf6 31. Qc5 b6 32. Qc7 Qxd4 0-1

[Event "Late-Titled-Tuesday-Blitz-September-19-2023"]
[Site "Chess.com"]
[Date "2023.09.19"]
[Round "2"]
[White "Byniolus"]
[Black "Djager97"]
[Result "1-0"]
[WhiteElo "2783"]
[BlackElo "2534"]
[TimeControl "180+1"]
[EndTime "14:16:29 PDT"]
[Termination "Byniolus won by resignation"]

1. d4 d5 2. Bf4 Nf6 3. e3 c5 4. c3 Nc6 5. Nd2 Bf5 6. Ngf3 e6 7.
Nh4 Bg4 8. Qb3 Qc8 9. h3 Bh5 10. g4 Bg6 11. Nxg6 hxg6 12. Bg2 Qd7 13. O-O Be7 14. Rad1 O-O 15. dxc5 Bxc5 16. c4 d4 17. Nf3 Rad8 18. exd4 Nxd4 19. Nxd4 Bxd4 20. Be5 Bxe5 21. Rxd7 Nxd7 22. Qxb7 Nc5 23. Qxa7 Bd4 24. b4 Nd3 25. Qa4 e5 26. Qb3 f5 27. Bd5+ Rxd5 28.
cxd5 Nf4 29. d6+ Kh7 30. d7 Rd8 31. Qf7 Nxh3+ 32. Kg2 Nf4+ 33. Kf3 fxg4+ 34. Kxg4 Nh5 35. Rh1 e4 36. Rxh5+ gxh5+ 37. Qxh5+ Kg8 38. Qe8+ 1-0

[Event "Late-Titled-Tuesday-Blitz-September-19-2023"]
[Site "Chess.com"]
[Date "2023.09.19"]
[Round "2"]
[White "SantoBlue"]
[Black "ozates"]
[Result "1-0"]
[WhiteElo "2948"]
[BlackElo "2584"]
[TimeControl "180+1"]
[EndTime "14:16:33 PDT"]
[Termination "SantoBlue won on time"]

1. e4 c5 2. Nc3 Nc6 3. Bb5 Nd4 4. a4 a6 5. Bc4 g6 6. d3 Bg7 7. Bg5 d6 8. Nge2 Nf6 9. Nxd4 cxd4 10. Nd5 Nxd5 11.
Bxd5 O-O 12. O-O Qc7 13. f4 e6 14. Bb3 Qc5 15. Kh1 Kh8 16. Qf3 f5 17. Rae1 Bd7 18. exf5 Bc6 19. Qh3 exf5 20. Re7 Rae8 21. Rfe1 Rxe7 22.
Bxe7 Re8 23. Bf7 Rxe7 24. Rxe7 Qxc2 25. Re1 Qf2 26. Rg1 Qxf4 27. Bxg6 h6 28. Bxf5 Be5 29. Be4 Bxe4 30. dxe4 Qxe4 31. Qxh6+ Kg8 32. Qg5+ Kh8 33. Rf1 d3 34. Qh5+ Kg7 35. Qg5+ Qg6 36. Qe7+ Kh6 37. Rf3 d2 38. Rh3+ Qh5 39. Qf8+ 1-0

[Event "Late-Titled-Tuesday-Blitz-September-19-2023"]
[Site "Chess.com"]
[Date "2023.09.19"]
[Round "2"]
[White "maciek_92"]
[Black "WPWPWP-2015"]
[Result "1-0"]
[WhiteElo "2732"]
[BlackElo "2514"]
[TimeControl "180+1"]
[EndTime "14:16:33 PDT"]
[Termination "maciek_92 won by checkmate"]

1. c4 Nf6 2. Nc3 c6 3. Nf3 d5 4. e3 e6 5. b3 Be7 6. Bb2 O-O 7. g3 Nbd7 8. Bg2 b6 9. O-O Bb7 10. Qe2 c5 11. Rfd1 dxc4 12. bxc4 a6 13. Rac1 Rc8 14. d3 Qc7 15. Ba1 Rfe8 16. Nh4 Bxg2 17.
Nxg2 Ne5 18. f4 Nc6 19. g4 Qb7 20. Rb1 Rb8 21. g5 Nd7 22. Ne4 Red8 23. Nh4 Nf8 24. f5 exf5 25. Nxf5 Ne6 26. Qb2 Qd7 27. Nxg7 Nxg5 28.
Nf5 f6 29. Nxf6+ Bxf6 30. Qxf6 Nf3+ 31. Kh1 Ncd4 32. Nh6# 1-0

[Event "Late-Titled-Tuesday-Blitz-September-19-2023"]
[Site "Chess.com"]
[Date "2023.09.19"]
[Round "2"]
[White "GreatOwl02"]
[Black "AndreiITrifan"]
[Result "1-0"]
[WhiteElo "2452"]
[BlackElo "2663"]
[TimeControl "180+1"]
[EndTime "14:16:33 PDT"]
[Termination "GreatOwl02 won on time"]

1. d4 Nf6 2. Nf3 e6 3. Bg5 d5 4.
e3 Be7 5. Bd3 O-O 6. Nbd2 Nbd7 7. c3 c5 8. Ne5 Nxe5 9. dxe5 Nd7 10. Bf4 Rb8 11. Qh5 g6 12. Qg4 b5 13. h4 d4 14.
cxd4 cxd4 15. exd4 Nb6 16. Nf3 Bb7 17. Bh6 Bxf3 18.
gxf3 f5 19. exf6 Rxf6 20. h5 Qe8 21. hxg6 Rxg6 22. Bxg6 Qxg6 23. Qh3 Bb4+ 24. Kf1 Qd3+ 25. Kg2 Kh8 26. Bf4 1-0

[Event "Late-Titled-Tuesday-Blitz-September-19-2023"]
[Site "Chess.com"]
[Date "2023.09.19"]
[Round "2"]
[White "ameetghasi100"]
[Black "Mike24147"]
[Result "1-0"]
[WhiteElo "2695"]
[BlackElo "2369"]
[TimeControl "180+1"]
[EndTime "14:16:36 PDT"]
[Termination "ameetghasi100 won on time"]

1. d4 d5 2. Nf3 Nf6 3. Bg5 Bf5 4. Nbd2 Nbd7 5. e3 e6 6. Nh4 Bg6 7. Be2 Be7 8. O-O O-O 9. c4 c5 10. Nxg6 hxg6 11. dxc5 Nxc5 12. Bf3 Nfe4 13. Bxe7 Qxe7 14.
cxd5 exd5 15. Qe2 Qe5 16. Rab1 Rfd8 17. Rfd1 Rac8 18. h3 a6 19. h4 Na4 20. Nb3 b5 21. Nd4 Rc7 22. Qe1 Rdc8 23. Qa5 Qf6 24. g3 Nb6 25.
Qxa6 Ra8 26. Qxb5 Rxa2 27. Bxe4 dxe4 28. Qe8+ Kh7 29. Qxe4 Nc4 30. Nf3 Re7 31. Qxc4 1-0

[Event "Late-Titled-Tuesday-Blitz-September-19-2023"]
[Site "Chess.com"]
[Date "2023.09.19"]
[Round "2"]
[White "BillieKimbah"]
[Black "GoldenShare"]
[Result "1-0"]
[WhiteElo "2966"]
[BlackElo "2589"]
[TimeControl "180+1"]
[EndTime "14:16:37 PDT"]
[Termination "BillieKimbah won by resignation"]

1. Nf3 d5 2. g3 Bg4 3. Ne5 Bf5 4.
c4 dxc4 5. Bg2 c6 6. Na3 Nd7 7. Naxc4 Nxe5 8. Nxe5 f6 9. Nf3 e5 10. O-O Qd7 11. d4 O-O-O 12. Be3 exd4 13. Nxd4 Bh3 14. Bxh3 Qxh3 15. Qa4 Bc5 16. Nxc6 Bxe3 17. Nxd8 Nh6 18. Qc4+ Kxd8 19. Rad1+ Ke8 20. Qe4+ Kf7 21. Qxb7+ Kg6 22. Qe4+ Kf7 23. Qxe3 Ng4 24. Rd7+ Kg6 25. Qe4+ Kh6 26. Qg2 Qxg2+ 27. Kxg2 Rc8 28. Rxa7 Rc2 29. Re1 Ne5 30. b4 Nc4 31. b5 Rb2 32. a4 Ne5 33. Ra6 Nc4 34.
Rc6 Ne5 35. Rcc1 Rb4 36. Ra1 Rb2 1-0